 Dungeon Crawl Stone Soup version 0.29.0-4-gdea44cf6ec (webtiles) character file.

Game seed: 9044682598487975118

20 qw the Chopper (level 2, -4/24 HPs)
             Began as a Barachi Chaos Knight on Sept 6, 2022.
             Slain by a chaos spawn (9 damage)
             ... summoned by Xom
             ... on level 1 of the Dungeon.
             The game lasted 00:00:15 (424 turns).

qw the Chopper (Barachi Chaos Knight)                Turns: 424, Time: 00:00:16

Health: -4/24      AC:  5    Str: 13    XL:     2   Next: 79%
Magic:  2/2        EV: 11    Int: 10    God:
Gold:   43         SH:  0    Dex: 11    Spells: 1/1 levels left

rFire   . . .      SeeInvis .   a - +0 hand axe (chaos)
rCold   . . .      Faith    .   (no shield)
rNeg    . . .      Spirit   .   b - +2 leather armour
rPois   .          Reflect  .   (no helmet)
rElec   .          Harm     .   (no cloak)
rCorr   .          Rampage  .   (no gloves)
Will    .....                   (no boots)
Stlth   +.........              (no amulet)
HPRegen 0.08/turn               (no ring)
MPRegen 0.08/turn               (no ring)

@: slow
A: amphibious, slowness 1, strong legs 1, +LOS, dopey 1
a: Hop


You were on level 1 of the Dungeon.
You visited 1 branch of the dungeon, and saw 1 of its levels.

You collected 43 gold pieces.


Innate Abilities, Weirdness & Mutations

You are amphibious.
You cover ground slowly.
You can hop short distances.
You have an extended range of vision and can be seen from far away.
You are dopey. (Int -2)


   Skills:
 - Level 3.6 Fighting
 + Level 4.4 Axes
 - Level 2.4 Armour
 - Level 1.1 Dodging


You had one spell level left.
You didn't know any spells.
Your spell library was empty.

Inventory:

Hand Weapons
 a - a +0 hand axe of chaos (weapon)
 e - a +0 club
Armour
 b - a +2 leather armour (worn)
Scrolls
 d - a scroll of blinking {unknown}
Potions
 f - a potion of mutation {unknown}
 g - a potion of heal wounds {unknown}
 h - a potion of attraction {unknown}
Miscellaneous
 c - a piece from Xom's chessboard (15/15)

Dungeon Overview and Level Annotations

Branches:
Dungeon (1/15)

Altars:


Message History

You kill the rat!
A ball python comes into view.
The ball python hisses angrily.
Your +0 dagger closely misses the ball python.
Your +0 dagger hits the ball python!
The ball python dies!
You swap places.
A quokka comes into view.
Your +0 dagger closely misses the quokka. x2
Your +0 dagger hits the quokka!
The quokka dies!
A ball python comes into view.
The ball python hisses angrily.
You hit the ball python. You burn the ball python.
You kill the ball python!
f - a bubbling golden potion Your +0 dagger falls from the air.
You now have 43 gold pieces (gained 2).
g - a glowing sapphire potion;
h - an amethyst potion A hobgoblin comes into view.
You hit the hobgoblin but do no damage. The hobgoblin misses you. x2
You hit the hobgoblin.
The hobgoblin suddenly seems more agile.
The hobgoblin is severely wounded.
The hobgoblin hits you.
You closely miss the hobgoblin.
The hobgoblin is severely wounded.
The hobgoblin hits you but does no damage.
You hit the hobgoblin. You burn the hobgoblin.
You kill the hobgoblin!
You start resting. "Let's see if it's strong enough to survive yet."
An iron imp comes into view.
You closely miss the chaos spawn. You closely miss the red devil.
You closely miss the chaos spawn. You closely miss the red devil.
The red devil barely misses you. The chaos spawn gores you!
Ouch! That really hurt!
You are engulfed in flames!
You die...

###.#
#....##.#
....#
#.......####
...###.#
#..........#
.......#
#######.##.#
...#####
#....# #.##
#.#..# #.#
#...## #.#
########.4##
#.#
........@.#
..#
.#######.4#
..# 5.5..
..######
##..#.#
.....%..
#..#.#
..######
#..# # >.#
#..# ####
#..# .%.#
....


You could see a chaos spawn (summoned), a red devil (summoned), an iron imp
(summoned) and a shadow imp (summoned).

Vanquished Creatures
  A dart slug (D:1)
  2 goblins (D:1)
  2 hobgoblins (D:1)
  2 ball pythons (D:1)
  A frilled lizard (D:1)
  A kobold (D:1)
  2 rats (D:1)
11 creatures vanquished.

Vanquished Creatures (collateral kills)
  2 endoplasms (D:1)
  A goblin (D:1)
  A hobgoblin (D:1)
  A quokka (D:1)
  A ball python (D:1)
6 creatures vanquished.

Grand Total: 17 creatures vanquished

Notes
Turn   | Place    | Note
-------+----------+-------------------------------------------
     0 | D:1      | qw the Barachi Chaos Knight began the quest for the Orb.
     0 | D:1      | Reached XP level 1. HP: 18/18 MP: 1/1
     0 | D:1      | 0 ||| qw: Version: 0.1-a-107-g9ff403c
     0 | D:1      | 0 ||| qw: Game counter: 6176
     0 | D:1      | 0 ||| qw: Always use a shield: true
     0 | D:1      | 0 ||| qw: God list: Okawaru
     0 | D:1      | 0 ||| qw: Allow faded altars: false
     0 | D:1      | 0 ||| qw: Do Orc after D:15 true
     0 | D:1      | 0 ||| qw: Do second Lair branch before Depths: true
     0 | D:1      | 0 ||| qw: Lair rune preference: random
     0 | D:1      | 0 ||| qw: Plans: Normal
     0 | D:1      | 0 ||| PLANNING D:1-11
     0 | D:1      | Fell from the grace of Xom
    89 | D:1      | 89 ||| Stepping ~*~*~tactically~*~*~ (stealth).
   169 | D:1      | XOM: give mutation
   169 | D:1      | Gained mutation: You are dopey. (Int -2) [Xom's mischief]
   207 | D:1      | 207 ||| Stepping ~*~*~tactically~*~*~ (hiding).
   217 | D:1      | Reached XP level 2. HP: 24/24 MP: 2/2
   226 | D:1      | 226 ||| Stepping ~*~*~tactically~*~*~ (stealth).
   227 | D:1      | 227 ||| Stepping ~*~*~tactically~*~*~ (stealth).
   237 | D:1      | Reached skill level 4 in Axes
   280 | D:1      | 280 ||| Stepping ~*~*~tactically~*~*~ (stealth).
   422 | D:1      | XOM: summons 4 hostile demons
   423 | D:1      | Noticed a red devil
   423 | D:1      | Noticed a chaos spawn
   424 | D:1      | HP: 5/24 [chaos spawn[Xom] (17)]
   424 | D:1      | Slain by a chaos spawn

Levels and vault maps discovered:
D:1:      spicycebolla_arrival_clurvy, layout_loops_ring,
          shapermc_ecumenical_altar_flowoftime, bh_walls_and_bars

Skill      XL: |  1  2 |
---------------+-------+-----
Axes           | 4 |  4.4
Fighting       | |  3.6
Armour         | |  2.4
Dodging        | |  1.1

Action                   || total
-------------------------++-------
Melee: Hand axe          ||    30
Invok: Renounce Religion ||     1
Armor: Leather armour    ||     5
Dodge: Dodged            ||    18

Table legend:
 A = Non-vault XP
 B = Vault XP
 C = Vault XP percentage of total XP
 D = Non-vault monster count
 E = Vault monster count
 F = Vault count percentage of total count
                 A         B        C        D         E       F
            +---------+---------+-------+---------+---------+-------
      Total |      29 |       0 |   0.0 |      17 |       0 |   0.0
            +---------+---------+-------+---------+---------+-------
        D:1 |      29 |       0 |   0.0 |      17 |       0 |   0.0
            +---------+---------+-------+---------+---------+-------
